 Dungeon Crawl Stone Soup version 0.27.1-34-g3ba077fa99 (webtiles) character file.

Game seed: 2065136532153316885

15798 zeram the Severer (level 12, -15/90 HPs)
             Began as a Hill Orc Fighter on Jan 3, 2022.
             Was an Initiate of Gozag.
             Demolished by Donald (28 damage)
             ... on level 2 of the Orcish Mines.
             The game lasted 00:25:54 (16072 turns).

zeram the Severer (Hill Orc Fighter)               Turns: 16072, Time: 00:25:56

Health: -15/90     AC: 17    Str: 24    XL:     12   Next: 30%
Magic:  12/12      EV: 11    Int:  8    God:    Gozag
Gold:   762        SH: 19    Dex: 16    Spells: 11/11 levels left

rFire    + + .     SeeInvis .   a - +2 war axe
rCold    x . .     Faith    .   c - +1 kite shield
rNeg     . . .     Spirit   .   H - +0 fire dragon scales
rPois    +         Reflect  +   (no helmet)
rElec    .         Harm     .   d - +0 cloak
rCorr    .         Rampage  .   j - +1 pair of gloves
Will     .....                  k - +0 pair of boots
Stlth    ..........             o - amulet of reflection
HPRegen  0.25/turn              r - +6 ring of dexterity
MPRegen  0.13/turn              z - ring of poison resistance

@: very slightly contaminated, invisible
A: no striking features
a: Renounce Religion, Potion Petition, Call Merchant, Bribe Branch


You were on level 2 of the Orcish Mines.
You worshipped Gozag.
Gozag was pleased with you.
You visited 3 branches of the dungeon, and saw 15 of its levels.

You collected 1265 gold pieces.
You spent 310 gold pieces at shops.
You paid 193 gold pieces to Gozag.

Inventory:

Hand Weapons
 a - a +2 war axe (weapon)
 h - a +2 whip of draining
 l - a +1 spear of freezing
Missiles
 y - 23 poisoned darts (quivered)
Armour
 b - a +0 scale mail
 c - a +1 kite shield (worn)
 d - a +0 cloak (worn)
 j - a +1 pair of gloves (worn)
 k - a +0 pair of boots (worn)
 w - a +0 plate armour
 H - +0 fire dragon scales (worn)
 I - a scarf of resistance
Jewellery
 o - an amulet of reflection (around neck)
 r - a +6 ring of dexterity (left hand)
 z - a ring of poison resistance (right hand)
 G - a +6 ring of intelligence
Wands
 n - a wand of paralysis (5)
 q - a wand of acid (8)
 D - a wand of flame (53)
 F - a wand of charming (3)
 K - a wand of iceblast (8)
Scrolls
 f - a scroll of fear
 x - a scroll of teleportation
Potions
 e - 3 potions of lignification
 g - a potion of invisibility
 i - 4 potions of flight
 m - 2 potions of attraction
 p - 4 potions of curing
 s - 2 potions of resistance {unknown}
 t - 2 potions of mutation
 u - 4 potions of brilliance
 v - 4 potions of cancellation
 A - a potion of degeneration {unknown}
 B - 2 potions of berserk rage {unknown}
 C - a potion of ambrosia {unknown}
 E - a potion of magic {unknown}
 J - 2 potions of heal wounds


   Skills:
 - Level 3.6 Fighting
 + Level 16.7 Axes
 + Level 10.0 Armour
 + Level 4.0 Dodging
 + Level 11.3 Shields
 - Level 2.3 Evocations


You had 11 spell levels left.
You didn't know any spells.
Your spell library contained the following spells:

 Spells                   Type           Power      Damage    Failure   Level
 Corpse Rot               Necr/Air       N/A        N/A       95%         2
 Poisonous Vapours        Pois/Air       0%         N/A       95%         2
 Slow                     Hex            0%         N/A       95%         2
 Sublimation of Blood     Necr           0%         N/A       95%         2
 Confusing Touch          Hex            0%         N/A       99%         3
 Ignite Poison            Fire/Tmut/Pois 0%         N/A       99%         3
 Mephitic Cloud           Conj/Pois/Air  0%         N/A       99%         3
 Petrify                  Tmut/Erth      0%         N/A       100%        4
 Bolt of Magma            Conj/Fire/Erth 0%         4d4       100%        5
 Freezing Cloud           Conj/Ice/Air   0%         6-21      100%        5
 Irradiate                Conj/Tmut      0%         3d13      100%        5
 Yara's Violent Unravell  Hex/Tmut       0%         3d3       100%        5


Dungeon Overview and Level Annotations

Branches:
Dungeon (12/15)            Temple (1/1) D:4            Lair (0/6) D:11
    Orc (1/2) D:10

Altars:
Ashenzari
Cheibriados
Dithmenos
Elyvilon
Fedhas
Gozag
Hepliaklqana
Kikubaaqudgha
Makhleb
Nemelex Xobeh
Okawaru
Qazlal
Ru
Sif Muna
Trog
Uskayaw
Vehumet
Wu Jian
Xom
Yredelemnul
Zin
The Shining One
Beogh

Shops:
D:4 !!!*

Annotations:
D:8 2 transporters, exclusion: oklob plant, Kranky's ghost, novice GnWn
Orc:2 Donald


Message History

No target in view!
You start resting.
HP restored.
You now have 740 gold pieces (gained 17).
You see here a +0 giant club.
Found 16 gold pieces.
You hear the slow rumble of a distant avalanche of rocks.
You now have 762 gold pieces (gained 22).
Donald is nearby!
Donald is nearby!
Found a stone staircase leading up.
Donald shouts!
Donald gestures wildly while chanting.
Donald seems to speed up.
Donald casts a spell.
Donald seems to grow stronger.
Donald hits you from afar with a +2 demon trident of electrocution!!!
You block Donald's attack.
Donald says, "Like I always say, the jar is half empty."
Donald hits you with a +2 demon trident of electrocution.
You fade into invisibility!
You block Donald's attack.
You are very lightly contaminated with residual magic.
You strike the helpless Donald from behind!
You slash Donald!
Donald is lightly wounded.
You block Donald's attack.
You hit Donald but do no damage.
Donald is lightly wounded.
You block Donald's attack.
You barely miss Donald.
Donald is lightly wounded.
You block Donald's attack.
You hit Donald but do no damage.
Donald is lightly wounded.
Donald hits you with a +2 demon trident of electrocution!!
* * * LOW HITPOINT WARNING * * *
Donald hits you with a +2 demon trident of electrocution!!
You die...
Your body crumbles into a pile of gold.

.. #)#..^..
......#########.#..###
...................#.##
......$....#...#......#
...<...##............##
.......##...#.......##
$ .................#.##
........#...#......#
......@@.#..##.#....#
.............#####....#
..#......#..## #.... $
........##....# ##.#
........###....# ##
......... ###.##
......#.. ## .....###.
....


You could see Donald (fast, strong).

Vanquished Creatures
  2 hydras
  A two-headed ogre (D:11)
  The ghost of comborobin the Skirmisher, a novice PaGl (D:6)
  An ugly thing (D:12)
  A cyclops (D:7)
  A manticore (D:11)
  Maurice (D:11)
  An unseen horror (D:10)
  A troll (D:10)
  4 slime creatures (D:11)
  Grinder (D:6)
  3 wraiths
  20 yaks
  A human (D:10)
  2 steam dragons
  3 wargs
  5 acid dragons
  5 orc warriors
  An ice beast (D:8)
  A sky beast (D:5)
  A necrophage (D:8)
  8 ogres
  12 centaurs
  A phantom (D:5)
  A kobold brigand (D:9)
  3 bullfrogs
  2 gnoll sergeants
  A wyvern zombie (D:7)
  2 scorpions
  A water moccasin skeleton (D:6)
  4 killer bees (D:10)
  13 wights
  2 howler monkeys
  An electric eel (D:8)
  2 centaur zombies
  A centaur skeleton (D:7)
  2 hounds (D:5)
  3 jellies
  8 orc priests
  Crazy Yiuf (D:2)
  A bullfrog skeleton (D:5)
  12 orc wizards
  5 iguanas
  A hound skeleton (D:8)
  A howler monkey zombie (D:7)
  8 gnolls
  8 adders
  2 shadow imps (D:6)
  2 ufetubi
  An adder skeleton (D:4)
  A worm (D:2)
  A dart slug (D:1)
  54 orcs
  7 ball pythons
  6 endoplasms
  7 giant cockroaches
  3 hobgoblins
  4 jackals (D:3)
  3 quokkas
  3 bats (D:1)
  4 frilled lizards
  6 goblins
  10 kobolds
  3 rats
278 creatures vanquished.

Vanquished Creatures (others)
  2 orcs (D:8)
2 creatures vanquished.

Grand Total: 280 creatures vanquished

Notes
Turn   | Place    | Note
-------+----------+-------------------------------------------
     0 | D:1      | zeram the Hill Orc Fighter began the quest for the Orb.
     0 | D:1      | Reached XP level 1. HP: 19/19 MP: 1/1
    46 | D:1      | Reached XP level 2. HP: 23/26 MP: 2/2
   146 | D:1      | Reached skill level 3 in Axes
   454 | D:1      | Reached XP level 3. HP: 31/31 MP: 3/3
   985 | D:2      | Found a faded altar of an unknown god.
  1456 | D:2      | Found a runed translucent door.
  1457 | D:2      | Noticed Crazy Yiuf
  1666 | D:2      | Killed Crazy Yiuf
  1667 | D:2      | Reached skill level 4 in Axes
  1667 | D:2      | Reached XP level 4. HP: 17/39 MP: 4/4
  2284 | D:3      | Reached XP level 5. HP: 45/45 MP: 5/5
  2287 | D:3      | Reached skill level 5 in Axes
  2541 | D:4      | Found a staircase to the Ecumenical Temple.
  2564 | D:4      | Noticed an ogre
  2570 | D:4      | Killed an ogre
  2571 | D:4      | Reached skill level 6 in Axes
  2571 | D:4      | Reached XP level 6. HP: 8/51 MP: 6/6
  2840 | D:4      | Found Guesa's Distillery.
  3162 | D:3      | Reached skill level 7 in Axes
  3162 | D:3      | Reached skill level 1 in Dodging
  3211 | D:4      | Reached XP level 7. HP: 57/57 MP: 7/7
  3223 | D:4      | Found Fics's Distillery.
  3231 | D:4      | Bought a potion of heal wounds for 60 gold pieces
  3274 | D:4      | Found Zyfidid's Assorted Antiques.
  3277 | D:4      | Bought a blue potion for 19 gold pieces
  3323 | D:4      | Reached skill level 5 in Shields
  3638 | D:4      | Found Voism's Distillery.
  3894 | D:5      | Entered Level 5 of the Dungeon
  3979 | D:5      | Reached skill level 8 in Axes
  4136 | D:5      | Reached skill level 5 in Armour
  4403 | D:5      | Identified the +5 short sword "Path" {freeze, rPois rC+
                  | Str+2 SInv}
  4433 | D:5      | Reached XP level 8. HP: 42/64 MP: 8/8
  4438 | D:5      | Reached skill level 9 in Axes
  4932 | D:5      | Reached skill level 10 in Axes
  5718 | D:6      | Reached XP level 9. HP: 70/70 MP: 9/9
  5794 | D:6      | Noticed a seven-headed hydra
  5948 | D:6      | Killed a nine-headed hydra
  5949 | D:6      | Reached skill level 11 in Axes
  5949 | D:6      | Reached skill level 1 in Evocations
  6213 | D:6      | Found a shadowy altar of Dithmenos.
  6215 | D:6      | Found a snail-covered altar of Cheibriados.
  6215 | D:6      | Noticed Grinder
  6307 | D:6      | Reached skill level 12 in Axes
  6749 | D:7      | Identified the +2 robe of Rianoklo {rF- Int+8}
  6840 | D:7      | Found a runed translucent gate.
  6840 | D:7      | Found a runed translucent gate.
  6840 | D:7      | Found a runed translucent gate.
  6844 | D:7      | Noticed comborobin's ghost (novice PaGl)
  6846 | D:7      | Found a roughly hewn altar of Beogh.
  7231 | D:7      | Noticed a cyclops
  7237 | D:7      | Killed a cyclops
  7238 | D:7      | Reached XP level 10. HP: 74/77 MP: 10/10
  7551 | D:6      | Killed comborobin's ghost
  7552 | D:6      | Reached skill level 13 in Axes
  7958 | D:8      | Found a transporter.
  7966 | D:8      | Noticed an oklob plant
  8343 | D:8      | Noticed Kranky's ghost (novice GnWn)
  8354 | D:8      | Found a transporter.
  9121 | D:8      | Found a burning altar of Makhleb.
  9599 | D:9      | Reached skill level 14 in Axes
 10532 | D:10     | Entered Level 10 of the Dungeon
 10541 | D:10     | Noticed a six-headed hydra
 10570 | D:9      | Killed a six-headed hydra
 10571 | D:9      | Reached XP level 11. HP: 29/82 MP: 11/11
 11620 | D:10     | Reached skill level 15 in Axes
 12029 | D:10     | Found a staircase to the Orcish Mines.
 12555 | D:10     | Reached skill level 10 in Shields
 13090 | D:6      | Found a radiant altar of Vehumet.
 13104 | D:6      | Killed Grinder
 13307 | Temple   | Entered the Ecumenical Temple
 13432 | Temple   | Became a worshipper of Gozag Ym Sagoz the Greedy
 13660 | D:4      | Bought 2 potions of heal wounds for 110 gold pieces
 13660 | D:4      | Bought a potion of curing for 33 gold pieces
 13660 | D:4      | Bought a potion of invisibility for 88 gold pieces
 13849 | D:11     | Found a staircase to the Lair.
 13863 | D:11     | Noticed a manticore
 13882 | D:11     | Killed a manticore
 14490 | D:11     | Noticed Maurice
 14510 | D:11     | Killed Maurice
 14863 | D:11     | Reached skill level 16 in Axes
 15003 | D:11     | Reached XP level 12. HP: 80/90 MP: 12/12
 15312 | D:11     | Noticed a two-headed ogre
 15320 | D:11     | Killed a two-headed ogre
 15703 | D:12     | Reached skill level 10 in Armour
 15847 | Orc:1    | Entered Level 1 of the Orcish Mines
 15958 | Orc:1    | You fall into a shaft and drop 1 floor!
 15958 | Orc:2    | Entered Level 2 of the Orcish Mines
 15998 | Orc:2    | Identified the +0 kite shield "Gieliy" {-Tele Rampage
                  | Dex+5}
 15998 | Orc:2    | Noticed Donald
 16072 | Orc:2    | Demolished by Donald

Illustrated notes

Levels and vault maps discovered:
D:1:      roderic_dead_forest, layout_basic
D:2:      layout_loops_ring, shapermc_ecumenical_altar_totnotflames,
          dk_noncrumbling_2, bh_walls_and_bars, uniq_crazy_yiuf_cottage
D:3:      layout_rooms
D:4:      layout_gridville, minmay_temple_entry_steel_oval, serial_shops,
          nicolae_take_the_stairs, kennysheep_mini, nicolae_stop_n_shop_1, shop,
          serial_glass, glass_columns_b, glass_columns_a
D:5:      layout_loops_ring, dk_vineyard_1, chequers_serial_rivers_micro_e,
          minmay_increasing_density
D:6:      layout_loops_ring, nicolae_overflow_hidden_temple,
          kennysheep_generic_room_12, uniq_grinder
D:7:      layout_gridville, biasface_ghost_orc_armoury
D:8:      layout_basic, makhleb_blood_cavern_becter, nzn_ghost_randoct,
          fountainhead, amethyst_killhole
D:9:      layout_gridville, serial_co_window_serial, co_window_paths_a,
          co_window_of_opportunity_a, co_window_corner_a, co_window_paths_a,
          co_window_of_opportunity_a, co_window_paths_a,
          co_window_of_opportunity_a, co_window_paths_a, co_window_paths_a,
          co_window_of_opportunity_b, co_window_corner_cb, co_window_2corner,
          co_window_4corner_b, co_window_paths_e
D:10:     layout_basic, erik_orc_4, lightli_fourway_metalbox
D:11:     layout_loops_corners, lair_entry_dummy, uniq_maurice
D:12:     layout_long_grid
Temple:   compressed_dpeg_circular_temple
Orc:1:    layout_caves, serial_shops, shop
Orc:2:    grunt_orc_community_town_hall, layout_caves,
          grunt_orc_community_big_house_2, grunt_orc_community_big_house_2,
          grunt_orc_community_house_3, grunt_orc_community_house_2,
          grunt_orc_community_house_2, grunt_orc_community_house_3,
          grunt_orc_community_house_1, enter_volcano_2, uniq_donald, uniq_sonja

Skill      XL: |  1  2  3  4  5  6  7  8  9 10 11 12 |
---------------+-------------------------------------+-----
Axes           | 3 4 6 7 8 10 12 14 16 | 16.7
Shields        | 4 5 6 7 9 10 11 | 11.3
Armour         | 4 5 7 8 9 10 | 10.0
Dodging        | 1 2 3 4 |  4.0
Evocations     | 1 2 |  2.3
Fighting       | |  3.6

Action                   |  1- 3 |  4- 6 |  7- 9 | 10-12 || total
-------------------------+-------+-------+-------+-------++-------
Melee: War axe           |    91 |    72 |   258 |   612 ||  1033
       Whip              |       |       |       |    16 ||    16
Evoke: Wand              |       |     1 |     7 |     8 ||    16
  Use: Scroll            |     6 |     4 |     6 |     6 ||    22
       Potion            |     3 |       |     5 |     9 ||    17
 Stab: Paralysed         |       |     1 |     2 |    10 ||    13
       Distracted        |       |       |       |     1 ||     1
       Invisible         |       |       |       |     1 ||     1
Armor: Scale mail        |    43 |    34 |   109 |    12 ||   198
       Plate armour      |       |       |       |   164 ||   164
       Fire dragon scale |       |       |       |    50 ||    50
Dodge: Dodged            |    34 |    28 |    80 |   116 ||   258
Block: Kite shield       |    43 |    54 |   138 |   477 ||   712
       Reflection        |       |       |     6 |    21 ||    27
